 Dungeon Crawl Stone Soup version 0.30-a0-702-gdf48620a09 (webtiles) character file.

Game seed: 256439893428754072

3089 ASSMAN the Covert (level 9, -1/62 HPs)
             Began as a Vampire Delver on Jan 21, 2023.
             Was a Priest of Dithmenos.
             Slain by an orc warrior
             ... wielding a +0 scimitar
              (15 damage)
             ... on level 8 of the Dungeon.
             The game lasted 00:10:24 (6092 turns).

ASSMAN the Covert (Vampire Delver)                  Turns: 6092, Time: 00:10:25

Health: -1/62      AC:  4    Str: 13    XL:     9   Next: 59%
Magic:  9/9        EV: 14    Int: 24    God:    Dithmenos [***...]
Gold:   151        SH:  5    Dex: 19    Spells: 8/8 levels left

rFire   . . .      SeeInvis +    i - +3 rapier
rCold   + . .      Faith    .    (no shield)
rNeg    . . .      Spirit   .    J - +1 leather armour of Saneh {Str+2 Int+5 Slay+2}
rPois   .          Reflect  +    (no helmet)
rElec   .          Harm     .    (no cloak)
rCorr   .          Rampage  .    (no gloves)
Will    .....                    (no boots)
Stlth   ++++++++                 l - amulet of reflection
HPRegen 0.50/turn                n - +6 ring of intelligence
MPRegen 0.11/turn                F - ring of protection from cold

@: mighty, healing quickly, wreathed by umbra, studying Staves
A: alive, fangs 3, see invisible, vampiric 2
a: Exsanguinate, Renounce Religion, Shadow Step


You were on level 8 of the Dungeon.
You worshipped Dithmenos.
Dithmenos was most pleased with you.
You visited 1 branch of the dungeon, and saw 8 of its levels.

You collected 250 gold pieces.
You spent 99 gold pieces at shops.

Inventory:

Hand Weapons
 i - a +3 rapier (weapon)
 v - a +1 dagger of draining
 z - a +0 dagger of pain
Armour
 k - the +1 scale mail "Tevir" {Rampage Drain rElec Regen+}
   (You found it on level 5 of the Dungeon)

   rElec:     It insulates you from electricity.
   Regen:     It increases your rate of health regeneration.
   Drain:     It drains your maximum health when unequipped.
   Rampage:   It bestows one free step when moving towards enemies.
 J - the +1 leather armour of Saneh (worn) {Str+2 Int+5 Slay+2}
   (You found it on level 7 of the Dungeon)

   Str:       It affects your strength (+2).
   Int:       It affects your intelligence (+5).
   Slay:      It affects your accuracy & damage with ranged weapons and melee
   (+2).
 L - +0 steam dragon scales
Magical Staves
 H - a staff of conjuration
Jewellery
 l - an amulet of reflection (around neck)
 n - a +6 ring of intelligence (left hand)
 C - an amulet of magic regeneration
 F - a ring of protection from cold (right hand)
Wands
 g - a wand of digging (13)
Scrolls
 b - a scroll of poison {unknown}
 c - 4 scrolls of fog
 d - 2 scrolls of magic mapping
 e - 2 scrolls of fear
 j - 2 scrolls of summoning
 r - 3 scrolls of teleportation
 u - 3 scrolls of immolation
 w - a scroll of enchant armour {unknown}
 x - a scroll of enchant weapon {unknown}
 y - a scroll of amnesia {unknown}
 D - 2 scrolls of noise {unknown}
 G - a scroll of blinking {unknown}
Potions
 f - 4 potions of haste
 h - 3 potions of resistance
 m - a potion of brilliance
 o - 2 potions of magic
 p - 8 potions of curing
 q - 3 potions of cancellation
 s - a potion of ambrosia {unknown}
 t - 4 potions of flight {unknown}
 A - 2 potions of mutation {unknown}
 B - 2 potions of heal wounds
 E - a potion of attraction {unknown}
 I - 2 potions of degeneration {unknown}
 K - a potion of berserk rage {unknown}


   Skills:
 - Level 2.6 Fighting
 + Level 9.0 Short Blades
 + Level 3.4 Armour
 + Level 5.0 Dodging
 + Level 14.9 Stealth
 + Level 1.8 Shields


You had 8 spell levels left.
You didn't know any spells.
Your spell library contained the following spells:

 Spells                   Type           Power      Damage    Failure   Level
 Sting                    Tmut/Pois      0%         1d3       19%         1
 Poisonous Vapours        Pois/Air       0%         N/A       26%         2
 Ignite Poison            Fire/Tmut/Pois 0%         N/A       47%         3
 Kindle Blastsparks       Fire/Tloc/Air  0%         2d10      47%         3
 Olgreb's Toxic Radiance  Pois           0%         N/A       87%         4
 Freezing Cloud           Conj/Ice/Air   0%         6-21      99%         5


Dungeon Overview and Level Annotations

Branches:
Dungeon (8/15)             Temple (0/1) D:7
   Lair: D:8-11

Altars:
Dithmenos
Nemelex Xobeh
Ru
Vehumet
Xom
Yredelemnul

Shops:
D:1 *   D:3 (


Innate Abilities, Weirdness & Mutations

Your natural rate of healing is accelerated.
You have razor-sharp teeth.
You have supernaturally acute eyesight. (SInv)
You are afflicted with vampirism and can become a bat while bloodless.


Message History

No target in view!
HP restored.
Things that are here:
a +0 whip; a +0 leather armour; an orc corpse An orc warrior and an orc come into view.
The orc warrior moves out of view.
The orc moves out of view.
Items here: )) [ ÷.
An orc is nearby!
An orc warrior comes into view.
It is wielding a +0 scimitar and wearing a +2 chain mail of cold resistance.
An orc comes into view. It is wielding a +0 dagger.
The orc warrior shouts!
The orc warrior misses you.
The orc shouts!
You hear a shout! x3
You hit the orc warrior but do no damage.
You punch the orc warrior, but do no damage.
The orc attacks as you move away! The orc closely misses you.
The orc warrior barely misses you.
An orc comes into view. It is wielding a +0 falchion.
The orc attacks as you move away! The orc closely misses you.
An orc warrior comes into view. It is wielding a +1 mace of protection.
Items here: )) [ ÷.
Things that are here:
a +0 whip; a +0 leather armour; an orc corpse You hit the orc warrior but do no damage.
You hit the orc warrior but do no damage.
The orc warrior hits you with a +0 scimitar!
You hit the orc warrior but do no damage.
The orc warrior completely misses you.
You hit the orc warrior.
The orc warrior is lightly wounded.
The orc warrior hits you with a +0 scimitar!!
You feel very mighty all of a sudden.
The orc warrior hits you with a +0 scimitar!
* * * LOW HITPOINT WARNING * * *
Items here: ))) [ ÷÷.
Things that are here:
a +0 club; 2 boomerangs
There is a stone staircase leading up, spattered with blood here.
The orc warrior hits you with a +0 scimitar!
You die...

#.#.........................#
#.############..###.........#
#.### ##.......<......# ....#
#.....####...#### ....#
####.###.# #....... ....#
#....# #.# #...#### ....#
#.##.###.###########. ....# #
#......ooo)....... ###.###
##..@o.###......# #...#
#.#.#.###.####.# ###.#
.........oo# #.#
..##.#.#####o# #.# #. #....
.o# #.# # ..#.## o.# #.#
##.#.# ...# #.# # #.# ...#
#.# #####


You could see 3 orc warriors and an orc.

Vanquished Creatures
  A steam dragon (D:8)
  An ice beast (D:5)
  6 orc warriors
  A black bear (D:6)
  2 sky beasts (D:7)
  2 ogres (D:5)
  2 centaurs (D:5)
  A phantom (D:5)
  A kobold brigand (D:7)
  4 scorpions
  2 bullfrogs
  A necrophage (D:5)
  6 killer bees (D:8)
  A gnoll bouda (D:6)
  3 orc priests
  2 hounds
  2 jellies
  Jessica (D:2)
  3 iguanas
  7 orc wizards
  10 gnolls
  11 adders
  3 shadow imps
  A white imp (D:4)
  4 ufetubi
  2 worms (D:2)
  2 dart slugs
  32 orcs
  3 endoplasms
  A giant cockroach (D:2)
  5 goblins
  5 hobgoblins
  6 jackals
  3 quokkas
  5 ball pythons
  3 bats
  5 frilled lizards
  14 kobolds
  2 rats
166 creatures vanquished.

Vanquished Creatures (others)
  An orc wizard (D:8)
  2 orcs (D:8)
  8 plants (D:5)
11 creatures vanquished.

Grand Total: 177 creatures vanquished

Notes
Turn   | Place    | Note
-------+----------+-------------------------------------------
     0 | D:5      | ASSMAN the Vampire Delver began the quest for the Orb.
     0 | D:5      | Reached XP level 1. HP: 17/17 MP: 1/1
    48 | D:5      | Noticed an iguana
    59 | D:5      | Killed an iguana
    60 | D:5      | Reached skill level 8 in Stealth
    60 | D:5      | Reached XP level 2. HP: 5/23 MP: 2/2
   107 | D:5      | Noticed an ogre
   115 | D:5      | Killed an ogre
   116 | D:5      | Reached skill level 9 in Stealth
   116 | D:5      | Gained mutation: You are afflicted with vampirism and can
                  | become a bat while bloodless. [Vampire growth]
   116 | D:5      | Reached XP level 3. HP: 7/28 MP: 3/3
   116 | D:5      | Reached XP level 4. HP: 9/34 MP: 4/4
   195 | D:5      | Reached skill level 10 in Stealth
   195 | D:5      | Reached XP level 5. HP: 22/39 MP: 5/5
   261 | D:5      | Noticed a centaur
   268 | D:5      | Killed a centaur
   270 | D:5      | Identified the +1 scale mail "Tevir" {Rampage Drain rElec
                  | Regen+}
   322 | D:5      | Noticed an ogre
   329 | D:5      | Killed an ogre
   330 | D:5      | Reached skill level 11 in Stealth
   330 | D:5      | Reached XP level 6. HP: 8/46 MP: 6/6
   460 | D:5      | Reached skill level 1 in Armour
   588 | D:5      | Noticed an ice beast
   592 | D:5      | Killed an ice beast
   593 | D:5      | Reached XP level 7. HP: 51/51 MP: 7/7
  1034 | D:4      | Reached skill level 5 in Short Blades
  1278 | D:4      | Found a shimmering altar of Xom.
  1550 | D:3      | Found a shadowy altar of Dithmenos.
  1560 | D:3      | Reached skill level 12 in Stealth
  1567 | D:3      | Became a worshipper of Dithmenos the Shadowed
  1599 | D:3      | Found Byddiry's Weapon Emporium.
  1671 | D:3      | Found a basalt altar of Yredelemnul.
  1674 | D:3      | Found a radiant altar of Vehumet.
  2013 | D:2      | Found a sacrificial altar of Ru.
  2382 | D:2      | Reached * piety under Dithmenos
  2511 | D:2      | Noticed Jessica
  2517 | D:2      | Killed Jessica
  2848 | D:1      | Reached XP level 8. HP: 57/57 MP: 8/8
  3003 | D:1      | Found Leewigol's General Store.
  3440 | D:1      | Bought a potion of heal wounds for 55 gold pieces
  3440 | D:1      | Bought a potion of might for 44 gold pieces
  3842 | D:6      | Reached skill level 13 in Stealth
  3943 | D:6      | Reached ** piety under Dithmenos
  4748 | D:7      | Identified the +1 leather armour of Saneh {Str+2 Int+5
                  | Slay+2}
  4861 | D:7      | Reached skill level 1 in Shields
  4861 | D:7      | Reached XP level 9. HP: 62/62 MP: 9/9
  4885 | D:7      | Found a staircase to the Ecumenical Temple.
  5076 | D:7      | Reached skill level 14 in Stealth
  5204 | D:7      | Found a sparkling altar of Nemelex Xobeh.
  5770 | D:8      | Reached *** piety under Dithmenos
  5900 | D:7      | Reached skill level 5 in Dodging
  6092 | D:8      | Slain by an orc warrior

Illustrated notes

Levels and vault maps discovered:
D:1:      nicolae_arrival_escape_room, layout_loops_ring, serial_shops,
          nicolae_shop_advertising_works [nicolae_subvault_shop_adworks]
D:2:      layout_basic, basic_altar, dk_noncrumbling_4, uniq_jessica
D:3:      layout_rooms, mainiacjoe_overflow_catwalk_spiral,
          nicolae_dithmenos_through_a_glass_darkly, serial_shops,
          nicolae_shop_bloodbath_and_beyond
D:4:      layout_rooms, lemuel_round_altar, st_stairs_5
D:5:      layout_loops_ring, nicolae_elyvilon_temple_path,
          minmay_manual_monstrance
D:6:      layout_rooms, roderic_lattice_a
D:7:      layout_loops_ring, nemelex_xobeh_ov_fountains_minmay,
          minmay_temple_entry_glass
D:8:      layout_loops_ring, makhleb_altar_promises_db, bloody_trog,
          ebering_ghost_rock_garden, special_room [special_room_orc]

Skill      XL: |  1  2  3  4  5  6  7  8  9 |
---------------+----------------------------+-----
Stealth        | 8 9 10 11 12 13 14 | 14.9
Short Blades   | 3 4 5 7 9 |  9.0
Armour         | 1 2 3 |  3.4
Dodging        | 3 4 5 |  5.0
Shields        | 1 |  1.8
Fighting       | |  2.6

Action                   |  1- 3 |  4- 6 |  7- 9 || total
-------------------------+-------+-------+-------++-------
Melee: Rapier            |    12 |    46 |   410 ||   468
       Bite              |     2 |     9 |    45 ||    56
       Punch             |       |       |     6 ||     6
  Use: Scroll            |       |       |     8 ||     8
       Potion            |       |       |     3 ||     3
 Stab: Sleeping          |       |     3 |    55 ||    58
Armor: Leather armour    |     2 |    19 |    46 ||    67
Dodge: Dodged            |     5 |    30 |   220 ||   255
Block: Other             |       |       |    38 ||    38
       Reflection        |       |       |     1 ||     1

Table legend: (Time is in decaauts)
 A = Elapsed time spent in this place.
 B = Non-inter-level travel time spent in this place.
 C = Inter-level travel time spent in this place.
 D = Time resting spent in this place.
 E = Time spent auto-exploring this place.
 F = Levels seen in this place.
 G = Mean time per level.
                   A        B        C        D        E       F      G
               +--------+--------+--------+--------+--------+-----+--------+
         Total |   6053 |   5729 |    324 |   1091 |   3436 |   8 |  756.6 |
       Dungeon |   6053 |   5729 |    324 |   1091 |   3436 |   8 |  756.6 |
               +--------+--------+--------+--------+--------+-----+--------+

Top non-repeatable levels by time:
     D:5: 1122 daAuts
     D:6: 1009 daAuts
     D:7: 981 daAuts
     D:1: 757 daAuts
     D:2: 750 daAuts
     D:3: 546 daAuts
     D:4: 482 daAuts
     D:8: 403 daAuts
